 Dungeon Crawl Stone Soup version 0.27-a0-828-g8289197e94 (webtiles) character file.

Game seed: 14032136344181860144

215 dickylongcocking the Insei (level 5, -5/33 HPs)
             Began as an Octopode Transmuter on Mar 30, 2021.
             Slain by an orc
             ... wielding a +1 vampiric hand axe
              (7 damage)
             ... on level 4 of the Dungeon.
             The game lasted 00:02:26 (3434 turns).

dickylongcocking the Insei (Octopode Transmuter)    Turns: 3434, Time: 00:02:26

Health: -5/33      AC:  1    Str: 10    XL:     5   Next: 92%
Magic:  7/8        EV: 13    Int: 16    God:
Gold:   103        SH:  0    Dex: 12    Spells: 4/8 levels left

rFire    . . .     SeeInvis .     - Unarmed
rCold    . . .     Faith    .   (no shield)
rNeg     . . .     Spirit   .   (helmet restricted)
rPois    .         Reflect  .   (no amulet)
rElec    .         Harm     .   (no ring)
rCorr    .         Rampage  .   (no ring)
Will     .....                  (no ring)
Stlth    ++........             (no ring)
HPRegen  0.11/turn              (no ring)
MPRegen  0.11/turn              (no ring)
                                (no ring)
                                (no ring)

@: confused
A: almost no armour, amphibious, 8 rings, camouflage 1, gelatinous body 1,
(nimble swimmer 1), tentacles
a: no special abilities


You were on level 4 of the Dungeon.
You visited 1 branch of the dungeon, and saw 4 of its levels.

You collected 103 gold pieces.

Inventory:

Wands
 f - a wand of paralysis (11)
Scrolls
 a - a scroll of enchant weapon {unknown}
 b - a scroll of teleportation {unknown}
 c - a scroll of blinking {unknown}
 d - a scroll of identify {unknown}
 e - a scroll of enchant armour {unknown}
 g - a scroll of amnesia {unknown}


   Skills:
 - Level 1.0 Fighting
 - Level 2.0 Dodging
 + Level 4.3 Stealth
 * Level 5.5 Unarmed Combat
 - Level 2.0 Spellcasting
 - Level 2.0 Transmutations


You had 4 spell levels left.
You knew the following spells:

 Your Spells              Type           Power      Damage    Failure   Level
a - Beastly Appendage     Tmut           16%        N/A       9%          1
c - Spider Form           Tmut/Pois      2%         N/A       38%         3

Your spell library contained the following spells:

 Spells                   Type           Power      Damage    Failure   Level
 Wereblood                Tmut           8%         N/A       14%         2
 Ice Form                 Ice/Tmut       4%         N/A       80%         4
 Hydra Form               Tmut           4%         N/A       94%         5


Dungeon Overview and Level Annotations

Branches:
Dungeon (4/15)
 Temple: D:4-7

Altars:
Dithmenos

Shops:
D:3 =


Innate Abilities, Weirdness & Mutations

You cannot wear most types of armour.
You are amphibious.
You can wear up to eight rings at the same time.
Your skin changes colour to match your surroundings (Stealth+).
Your rubbery body absorbs attacks. (AC +1, EV +1)
((You are camouflaged near water. (Stealth+)))
You have tentacles for arms and can constrict up to eight enemies at once.


Message History

You are confused.
You are too confused!
Unknown command.
You aren't carrying any potions.
Unknown command.
You are too confused!
Unknown command.
You are too confused!
Unknown command.
You aren't carrying any pieces of jewellery.
Unknown command.
You aren't carrying any potions.
The orc priest invokes the aid of Beogh against you.
You hear some strange, mumbled words.
You are more confused.
Unknown command.
You bump into the rock wall.
Your transformation has ended.
The orc priest miscasts a cantrip.
A magic dart appears from out of thin air!
The magic dart hits you!
* * * LOW HITPOINT WARNING * * *
Unknown command.
You aren't carrying any potions.
Unknown command.
You are too confused!
Unknown command.
You're too confused to move!
You feel a bit more experienced.
You're too confused to move!
You aren't carrying any potions.
You are too confused!
Unknown command.
You're too confused to move!
You tentacle-slap the orc.
The orc is lightly wounded.
The orc hits you with a +1 vampiric hand axe.
* * * LOW HITPOINT WARNING * * *
The orc draws strength from your wounds!
The orc hits you with a +1 vampiric hand axe!
You die...

#.#.# #.#....##
#......S# #.o..o#
#o# #.# #.######
#...).o# ######@#
#....o# #.##### #.#
### #.# .... #.#
#^.# #.#
##########..#
#.#####.........#..#
#.......#######.#..#


You could see an orc priest and an orc.

Vanquished Creatures
  A hound (D:4)
  A centaur skeleton (D:4)
  Jessica (D:2)
  An orc wizard (D:4)
  A hound skeleton (D:4)
  2 adders (D:2)
  3 worms
  A dart slug (D:3)
  3 bats
  6 endoplasms
  4 giant cockroaches
  11 goblins
  5 hobgoblins
  2 jackals (D:3)
  10 kobolds
  A quokka (D:3)
  5 ball pythons
  A frilled lizard (D:3)
  2 rats
61 creatures vanquished.

Notes
Turn   | Place    | Note
-------+----------+-------------------------------------------
     0 | D:1      | dickylongcocking the Octopode Transmuter began the quest
                  | for the Orb.
     0 | D:1      | Reached XP level 1. HP: 13/13 MP: 3/3
   273 | D:1      | Reached skill level 1 in Stealth
   441 | D:1      | Reached XP level 2. HP: 18/18 MP: 5/5
   855 | D:2      | Found a shadowy altar of Dithmenos.
   865 | D:2      | Reached XP level 3. HP: 21/23 MP: 6/6
  1183 | D:2      | Reached skill level 4 in Unarmed Combat
  1371 | D:1      | Learned a level 3 spell: Spider Form
  1415 | D:2      | HP: 1/23 [bat (1)]
  2166 | D:2      | Noticed Jessica
  2176 | D:2      | Killed Jessica
  2177 | D:2      | Reached XP level 4. HP: 10/28 MP: 3/7
  2961 | D:3      | Found Wotwih's Jewellery Boutique.
  3063 | D:3      | Reached XP level 5. HP: 31/33 MP: 8/8
  3263 | D:4      | Reached skill level 5 in Unarmed Combat
  3412 | D:4      | Noticed a black bear
  3434 | D:4      | Slain by an orc

Illustrated notes

Levels and vault maps discovered:
D:1:      ebering_hopf_link, layout_rooms, minmay_misc_feat_square
D:2:      layout_rooms, lemuel_crystal_altar, uniq_jessica
D:3:      layout_basic, serial_shops, nicolae_shop_behind_doors, st_stairs_2
D:4:      layout_loops_ring

Skill      XL: |  1  2  3  4  5 |
---------------+----------------+-----
Stealth        | 1 2 3 4 |  4.3
Unarmed Combat | 4 5 |  5.5
Fighting       | |  1.0
Dodging        | |  2.0
Spellcasting   | |  2.0
Transmutations | |  2.0

Action                   |  1- 3 |  4- 6 || total
-------------------------+-------+-------++-------
Melee: Unarmed           |    73 |    65 ||   138
       Constrict         |    18 |    17 ||    35
       Tentacles         |     6 |    15 ||    21
       Punch             |     1 |     2 ||     3
       Kick              |     2 |     3 ||     5
 Cast: Spider Form       |     4 |     3 ||     7
       Beastly Appendage |     1 |     1 ||     2
  Use: Potion            |       |     1 ||     1
 Stab: Sleeping          |     8 |     9 ||    17
Armor: Skin              |     6 |     1 ||     7
Dodge: Dodged            |    34 |    47 ||    81

Table legend: (Time is in decaauts)
 A = Elapsed time spent in this place.
 B = Non-inter-level travel time spent in this place.
 C = Inter-level travel time spent in this place.
 D = Time resting spent in this place.
 E = Time spent auto-exploring this place.
 F = Levels seen in this place.
 G = Mean time per level.
                   A        B        C        D        E       F      G
               +--------+--------+--------+--------+--------+-----+--------+
         Total |   3424 |   3365 |     59 |    609 |   2237 |   4 |  856.0 |
       Dungeon |   3424 |   3365 |     59 |    609 |   2237 |   4 |  856.0 |
               +--------+--------+--------+--------+--------+-----+--------+

Top non-repeatable levels by time:
     D:1: 1287 daAuts
     D:2: 1188 daAuts
     D:3: 740 daAuts
     D:4: 208 daAuts
